 Dungeon Crawl Stone Soup version 0.19.1 (webtiles) character file.

31966 LovableFool the Basher (level 13, -9/113 HPs)
             Began as a Minotaur Berserker on Dec 20, 2016.
             Was a High Priest of Trog.
             Mangled by a jiangshi (18 damage)
             ... summoned by a vampire mage
             ... on level 15 of the Dungeon on Dec 21, 2016.
             The game lasted 03:06:50 (13317 turns).

LovableFool the Basher (Minotaur Berserker)        Turns: 13317, Time: 03:06:53

Health: -9/113     AC: 22    Str: 33    XL:     13   Next: 28%
Magic:  5/5        EV: 14    Int:  4    God:    Trog [*****.]
Gold:   69         SH:  0    Dex: 10    Spells: 0 memorised, 12 levels left

rFire  . . .     SeeInvis +     y - +3 battleaxe (freeze)
rCold  + . .     Gourm    .     l - +4 chain mail
rNeg   . . .     Faith    .     (shield currently unavailable)
rPois  .         Spirit   .     T - +2 hat {SInv}
rElec  .         Reflect  .     Q - +0 cloak {MR+}
rCorr  +         Harm     .     B - +2 pair of gloves "Lagienil" {rC+ rCorr MP-9}
MR     +....     Clarity  +     (no boots)
Stlth  ..........               (no amulet)
                                j - +6 ring of strength
                                r - +1 ring of evasion

@: exhausted, slowed, drained, very slow
A: retaliatory headbutt, hooves 1, horns 2, clarity, low mp 1
a: Berserk, Trog's Hand, Brothers in Arms, Burn Spellbooks, Renounce Religion


You were on level 15 of the Dungeon.
You worshipped Trog.
Trog was extremely pleased with you.
You were very hungry.

You visited 2 branches of the dungeon, and saw 16 of its levels.

You collected 906 gold pieces.
You spent 837 gold pieces at shops.

Inventory:

Hand Weapons
 g - a +1 antimagic dire flail
 y - a +3 battleaxe of freezing (weapon)
 I - a +2 antimagic scimitar
Missiles
 d - 16 tomahawks of dispersal (quivered)
 s - 2 throwing nets
Armour
 l - a +4 chain mail (worn)
 w - a -1 pair of gloves
 B - the +2 pair of gloves "Lagienil" (worn) {rC+ rCorr MP-9}
   (You found it on level 12 of the Dungeon)

   It protects you from cold.
   It affects your magic capacity (-9).
   It protects you from acid and corrosion.
 L - a cursed +0 plate armour
 Q - a +0 cloak of magic resistance (worn)
 T - a +2 hat of see invisible (worn)
Jewellery
 a - an uncursed ring of fire
 j - a +6 ring of strength (right hand)
 r - a +1 ring of evasion (left hand)
 G - an uncursed ring of resist corrosion {unknown}
 W - an uncursed ring of poison resistance {unknown}
 Y - an uncursed ring of protection from cold
Wands
 f - a wand of iceblast (7/15)
 h - a wand of random effects (28/48)
 i - a wand of acid (9/15)
 m - a wand of digging (14/24)
 C - a wand of polymorph (8/24)
 D - a wand of random effects (19/48)
 N - a wand of random effects (14/48)
 O - a wand of lightning (5/15)
 P - a wand of polymorph (7/24)
 R - a wand of enslavement (12/24)
 U - a wand of slowing (34/48)
 X - a wand of flame (41/48)
Scrolls
 k - 3 scrolls of random uselessness
 n - 2 scrolls of teleportation
 q - 3 scrolls of blinking
 u - 5 scrolls of enchant armour
 v - 4 scrolls of remove curse
 z - 3 scrolls of identify
 F - a scroll of fog {unknown}
 K - 2 scrolls of magic mapping
Potions
 b - 2 potions of brilliance
 e - 2 potions of cancellation {unknown}
 o - 2 potions of heal wounds
 A - 7 potions of curing
 E - 3 potions of haste
 H - 4 potions of might
 J - a potion of invisibility
 M - a potion of magic
 S - a potion of lignification {unknown}
 Z - a potion of cure mutation {unknown}
Comestibles
 c - 9 bread rations
 p - 8 slices of pizza
 t - 2 royal jellies
 x - 5 beef jerkies


   Skills:
 - Level 10.2(9.0) Fighting
 + Level 11.0(12.1) Axes
 - Level 13.0 Maces & Flails
 - Level 4.6(3.5) Throwing
 + Level 11.9(10.6) Armour
 * Level 9.8(8.6) Dodging
   Level 6.8(5.7) Shields
 * Level 5.4(4.3) Evocations


You had 12 spell levels left.
You didn't know any spells.

Dungeon Overview and Level Annotations

Branches:
Dungeon (15/15)            Temple (1/1) D:6            Lair (0/6) D:10
    Orc (0/2) D:11         Vaults (0/5) D:13         Depths (0/5) D:15

Altars:
Ashenzari
Dithmenos
Elyvilon
Fedhas
Kikubaaqudgha
Ru
Uskayaw
Xom
Zin

Shops:
D:5 }*=*   D:11 [   D:13 =


Innate Abilities, Weirdness & Mutations

You reflexively headbutt those who attack you in melee.
You have a pair of horns on your head.
You have large cloven feet.
You possess an exceptional clarity of mind.
Your magical capacity is low. (-10% MP)


Message History

* * * LOW HITPOINT WARNING * * *
The jiangshi draws strength from your injuries!
The jiangshi barely misses you. You furiously retaliate!
You headbutt the jiangshi, but do no damage.
The jiangshi closely misses you.
The vampire mage points at you and mumbles some strange words.
The bolt of negative energy hits the jiangshi.
The jiangshi completely resists.
The bolt of negative energy hits you!
You feel drained.
* * * LOW HITPOINT WARNING * * *
The jiangshi claws you but does no damage.
The jiangshi barely misses you.
Your hill giant goes berserk!
You are feeling very hungry.
The jiangshi claws you but does no damage.
The jiangshi claws you.
* * * LOW HITPOINT WARNING * * *
The jiangshi draws strength from your injuries!
The jiangshi claws you!!
You die...

#### .. ..# ##########
... #(# #........#
....#######C###.......<#
....ZzzWCV@............#
.P...ZWV###.###........#
.....W5.Z##.# #........#
..P...ZWWW#.# #........#
8..8...ZWW#.#
#####.#####
..8.......#.#
#.........#
.........8#.#
#.........#
...>........#
#.<.......# ............
#.........#


You could see 2 skeletal warriors, a jiangshi, a hill giant, a flayed ghost, a
vampire mage (invisible), a shadow wraith (invisible), a phantasmal warrior, a
spriggan berserker skeleton, a centaur warrior skeleton and a friendly hill
giant (berserk).

Vanquished Creatures
  An acid blob (shapeshifter) (D:13)
  Gastronok (D:8)
  A hydra (D:13)
  Harold (D:11)
  A vault guard (D:13)
  A death yak (D:10)
  A necromancer (D:15)
  A hill giant (D:13)
  12 ugly things
  6 cyclopes
  2 manticores
  A deep elf mage (D:14)
  Maurice (D:8)
  3 gargoyles
  A kobold demonologist (D:13)
  The ghost of Uhlv the Cudgeler, an amateur MiWn of Okawaru (D:4)
  2 trolls
  3 hippogriffs
  8 yaks
  A wraith (D:14)
  A wyvern (D:14)
  3 vampires
  A human (D:9)
  3 water elementals (D:13)
  3 hogs (D:9)
  Eustachio (D:4)
  2 hungry ghosts
  A basilisk (D:12)
  2 vampire mosquitoes (D:12)
  2 mottled dragons (D:14)
  3 water moccasins
  6 sky beasts
  7 orc warriors
  4 phantoms
  10 ogres
  3 ice beasts
  3 black bears
  8 centaurs
  10 big kobolds
  7 bullfrogs
  A wyvern skeleton (D:6)
  5 scorpions
  19 killer bees
  9 wights
  2 howler monkeys
  An electric eel (D:13)
  3 centaur zombies
  11 crimson imps
  2 bullfrog zombies
  8 orc priests
  5 hounds
  15 orc wizards
  2 jellies
  4 centaur skeletons
  A gnoll shaman (D:7)
  3 iguanas
  8 worker ants
  2 hound skeletons
  A worker ant zombie (D:5)
  4 gnolls (D:7)
  21 adders
  2 howler monkey skeletons
  2 oozes (D:1)
  An adder skeleton (D:8)
  An adder zombie (D:9)
  3 worms
  A dart slug (D:1)
  10 leopard geckos
  48 orcs
  10 giant cockroaches
  9 goblins
  4 hobgoblins
  7 jackals
  32 kobolds
  3 quokkas
  3 ball pythons
  8 bats
  13 frilled lizards
  4 rats
  10 plants
427 creatures vanquished.

Vanquished Creatures (collateral kills)
  3 ugly things (D:14)
  A troll (D:14)
  An adder (D:11)
  An orc (D:11)
6 creatures vanquished.

Vanquished Creatures (others)
  2 plants (D:6)
  2 withered plants (D:15)
4 creatures vanquished.

Grand Total: 437 creatures vanquished

Notes
Turn   | Place    | Note
-------+----------+-------------------------------------------
     0 | D:1      | LovableFool the Minotaur Berserker began the quest for the Orb.
     0 | D:1      | Reached XP level 1. HP: 19/19 MP: 0/0
    51 | D:1      | Reached skill level 4 in Maces & Flails
    51 | D:1      | Reached XP level 2. HP: 25/27 MP: 1/1
   163 | D:1      | Reached XP level 3. HP: 34/34 MP: 2/2
   538 | D:1      | Reached ** piety under Trog
   992 | D:2      | Reached XP level 4. HP: 41/41 MP: 3/3
  1031 | D:2      | Found a shattered altar of Ashenzari.
  1994 | D:3      | Reached skill level 5 in Maces & Flails
  2097 | D:3      | Noticed a phantom
  2104 | D:3      | Killed a phantom
  2104 | D:3      | Reached skill level 5 in Fighting
  2104 | D:3      | Reached XP level 5. HP: 48/48 MP: 4/4
  2498 | D:3      | Reached *** piety under Trog
  2637 | D:3      | Reached XP level 6. HP: 50/56 MP: 5/5
  2783 | D:4      | Noticed Uhlv's ghost (amateur MiWn)
  2808 | D:4      | Killed Uhlv's ghost
  2808 | D:4      | Reached skill level 6 in Maces & Flails
  2808 | D:4      | Reached skill level 5 in Armour
  2808 | D:4      | Reached XP level 7. HP: 24/62 MP: 6/6
  3022 | D:4      | Noticed Eustachio
  3037 | D:4      | Killed Eustachio
  3274 | D:4      | Found a glowing drain.
  3284 | D:4      | Reached skill level 7 in Maces & Flails
  3567 | D:5      | Entered Level 5 of the Dungeon
  3586 | D:5      | Found Qeocu's Assorted Antiques.
  3620 | D:5      | Found Penofeimm's Assorted Antiques.
  3655 | D:5      | Reached XP level 8. HP: 62/71 MP: 7/7
  3801 | D:5      | Found Enecusoe's Gadget Shop.
  3990 | D:5      | Found Tiaruaso's Jewellery Emporium.
  4383 | D:5      | Bought a shield for 135 gold pieces
  4407 | D:6      | Found a staircase to the Ecumenical Temple.
  4417 | Temple   | Entered the Ecumenical Temple
  4487 | D:6      | Reached skill level 8 in Maces & Flails
  4487 | D:6      | Reached skill level 1 in Shields
  4532 | D:6      | Reached **** piety under Trog
  4870 | D:6      | Reached skill level 9 in Maces & Flails
  4870 | D:6      | Reached skill level 5 in Dodging
  4970 | D:6      | Reached XP level 9. HP: 79/79 MP: 8/8
  5686 | D:7      | Reached ***** piety under Trog
  5911 | D:8      | Noticed Maurice
  5934 | D:8      | Killed Maurice
  5934 | D:8      | Reached skill level 10 in Maces & Flails
  5934 | D:8      | Reached skill level 5 in Shields
  6049 | D:8      | Noticed Gastronok
  6069 | D:8      | Killed Gastronok
  6069 | D:8      | Reached XP level 10. HP: 61/90 MP: 9/9
  6124 | D:8      | Reached skill level 11 in Maces & Flails
  6183 | D:8      | Found a glowing silver altar of Zin.
  6192 | D:8      | Found a sacrificial altar of Ru.
  6201 | D:8      | Found a shadowy altar of Dithmenos.
  6210 | D:8      | Found a shimmering altar of Xom.
  6551 | D:9      | Reached skill level 1 in Throwing
  6747 | D:9      | Reached skill level 1 in Evocations
  6773 | D:9      | Received a gift from Trog
  6972 | D:9      | Reached skill level 10 in Armour
  7221 | D:9      | Reached XP level 11. HP: 99/99 MP: 3/10
  7262 | D:10     | Entered Level 10 of the Dungeon
  7344 | D:10     | Noticed a death yak
  7359 | D:10     | Killed a death yak
  7359 | D:10     | Reached skill level 10 in Fighting
  7367 | D:10     | Found a staircase to the Lair.
  7968 | D:11     | Found a staircase to the Orcish Mines.
  7968 | D:11     | Found Mutuf's Armour Emporium.
  8172 | D:11     | Noticed a purple ugly thing
  8182 | D:11     | Killed a purple ugly thing
  8182 | D:11     | Reached skill level 12 in Maces & Flails
  8540 | D:11     | Noticed Harold
  8551 | D:11     | Killed Harold
  9079 | D:11     | Received a gift from Trog
  9079 | D:11     | Reached skill level 13 in Maces & Flails
  9108 | D:11     | Reached skill level 1 in Axes
  9156 | D:11     | Gained mutation: You possess an exceptional clarity of mind. [potion of mutation]
  9156 | D:11     | Gained mutation: Your magical capacity is low. (-10% MP) [potion of mutation]
  9156 | D:11     | Gained mutation: You have large cloven feet. [potion of mutation]
  9521 | D:12     | Noticed a green ugly thing
  9534 | D:12     | Killed a green ugly thing
  9724 | D:12     | Reached XP level 12. HP: 87/106 MP: 11/11
  9755 | D:12     | Reached skill level 5 in Axes
  9965 | D:12     | Got a pair of warped gloves
  9976 | D:12     | Identified the +2 pair of gloves "Lagienil" {rC+ rCorr MP-9} (You found it on level 12 of the Dungeon)
 10577 | D:13     | Noticed a six-headed hydra
 10585 | D:13     | Killed a nine-headed hydra
 11216 | D:13     | Noticed a vault guard
 11222 | D:13     | Killed a vault guard
 11537 | D:13     | Found a gate to the Vaults.
 11820 | D:13     | Noticed an acid blob
 11826 | D:13     | Killed an acid blob
 11913 | D:13     | Found Celavas's Jewellery Emporium.
 12162 | D:14     | Found a labyrinth entrance.
 12167 | D:14     | Received a gift from Trog
 12357 | D:14     | Reached skill level 5 in Evocations
 12360 | D:14     | Reached XP level 13. HP: 113/113 MP: 5/14
 12365 | D:14     | Reached skill level 10 in Axes
 12636 | D:13     | Bought a +6 ring of strength for 702 gold pieces
 13263 | D:15     | Entered Level 15 of the Dungeon
 13296 | D:15     | Found a staircase to the Depths.
 13306 | D:15     | Noticed a jiangshi
 13317 | D:15     | Mangled by a jiangshi

Skill      XL: |  1  2  3  4  5  6  7  8  9 10 11 12 13 |
---------------+----------------------------------------+-----
Maces & Flails | 4 5 6 7 9 10 11 13 | 13.0
Fighting       | 4 5 6 7 8 9 10 | 10.2
Armour         | 4 5 6 7 9 10 11 | 11.9
Dodging        | 3 4 5 6 7 8 9 |  9.8
Shields        | 2 6 |  6.8
Throwing       | 3 4 |  4.6
Evocations     | 1 3 5 |  5.4
Axes           | 4 9 11 | 11.0

Action                   |  1- 3 |  4- 6 |  7- 9 | 10-12 | 13-15 || total
-------------------------+-------+-------+-------+-------+-------++-------
Melee: Mace              |    59 |   127 |   111 |       |       ||   297
       Headbutt          |    11 |    18 |    69 |   160 |    19 ||   277
       Morningstar       |       |       |   205 |    92 |       ||   297
       Flail             |       |       |    23 |       |       ||    23
       Dire flail        |       |       |       |   346 |     5 ||   351
       War axe           |       |       |       |     6 |       ||     6
       Battleaxe         |       |       |       |   257 |    58 ||   315
       Kick              |       |       |       |    86 |    24 ||   110
Throw: Stone             |     5 |       |       |    15 |       ||    20
       Tomahawk          |       |       |       |     2 |       ||     2
Invok: Berserk           |     2 |     3 |     7 |    12 |     2 ||    26
       Brothers in Arms  |       |       |       |     2 |     1 ||     3
       Burn Spellbooks   |       |       |       |       |     1 ||     1
  Use: Scroll            |       |       |    16 |    18 |       ||    34
       Potion            |       |       |     1 |     8 |     1 ||    10
  Eat: Chunk             |     2 |     6 |    17 |    24 |       ||    49
       Beef jerky        |       |     1 |       |       |       ||     1
       Fruit             |       |       |     2 |     7 |       ||     9
       Meat ration       |       |       |       |     1 |     1 ||     2
       Royal jelly       |       |       |       |       |     1 ||     1
Armor: Animal skin       |     3 |       |       |       |       ||     3
       Ring mail         |    10 |     4 |       |       |       ||    14
       Chain mail        |       |    57 |   144 |   346 |    30 ||   577
Dodge: Dodged            |    40 |    50 |   109 |   385 |    31 ||   615
Block: Shield            |       |       |   107 |    64 |       ||   171
       Buckler           |       |       |     3 |       |       ||     3
